 Dungeon Crawl Stone Soup version 0.30.0-19-g36f170ea60 (webtiles) character file.

Game seed: 5201137712446804068

357 Irreverend the Magician (level 6, -4/46 HPs)
             Began as a Djinni Air Elementalist on June 1, 2023.
             Slain by a black bear (7 damage)
             ... on level 4 of the Dungeon.
             The game lasted 00:07:02 (3216 turns).

Irreverend the Magician (Djinni Air Elementalist)   Turns: 3216, Time: 00:07:03

Health: -4/46      AC:  2    Str:  7    XL:     6   Next: 96%
Gold:   258        EV: 13    Int: 19    God:
                   SH:  0    Dex: 13

rFire   + + .        i - +1 dagger (speed)
rCold   x . .        (no shield)
rNeg    . . .        a - +0 robe
rPois   ∞            (no helmet)
rElec   .            (no cloak)
rCorr   .            (no gloves)
SInv    .            (boots unavailable)
Will    .....        (no amulet)
Stlth   ++           (no ring)
HPRegen 0.27/turn    (no ring)
MPRegen 0.00/turn

%: clarity, infuse magic (-5 HP)
@: sluggish, about to teleport, flying, very slightly contaminated, very slow
A: sickness immunity, fire resistance 2, cold vulnerability 1, float, innate
caster, HP casting, extra vitality 1, clarity, sturdy frame 1
a: no special abilities


You were on level 4 of the Dungeon.
You visited 1 branch of the dungeon, and saw 4 of its levels.

You collected 258 gold pieces.

Inventory:

Hand Weapons
 i - a +1 dagger of speed (weapon)
Armour
 a - a +0 robe (worn)
Jewellery
 e - a ring of fire
Scrolls
 f - a scroll of teleportation
 k - a scroll of fog {unknown}
 l - a scroll of silence {unknown}
 n - a scroll of enchant armour {unknown}
 o - a scroll of enchant weapon {unknown}
Potions
 b - a potion of cancellation {unknown}
 c - a potion of invisibility {unknown}
 d - 2 potions of curing {unknown}
 g - 2 potions of ambrosia {unknown}
 h - 2 potions of heal wounds {unknown}
 j - 2 potions of mutation
 m - a potion of brilliance {unknown}
 p - a potion of flight {unknown}


   Skills:
 + Level 3.0 Fighting
 + Level 4.1 Dodging
 - Level 1.6 Stealth
 * Level 4.2 Spellcasting


You knew the following spells:

 Your Spells              Type           Power      Damage    Failure   Level
a - Shock                 Conj/Air       80%        1d8       2%          1
b - Static Discharge      Conj/Air       40%        2-4/arc   3%          2
c - Swiftness             Air            20%        N/A       7%          3
d - Airstrike             Air            10%        2d(2-18)  22%         4
e - Kiss of Death         Conj/Necr      80%        2d11      2%          1
f - Passwall              Tmut/Erth      16%        N/A       3%          2
Your spell library was empty.

Dungeon Overview and Level Annotations

Branches:
Dungeon (4/15)
 Temple: D:4-7

Altars:


Innate Abilities, Weirdness & Mutations

You are immune to sickness and miasma.
You are immune to poison.
Your flesh is very heat resistant. (rF++)
You are vulnerable to cold. (rC-)
You float through the air rather than walking.
You learn spells naturally, not from books.
Your magical power is your life essence.
You have superior vitality. (+4 MHP)
You possess an exceptional clarity of mind.
Your movements are slightly less encumbered by armour. (ER -2)


Message History

The black bear claws you.
The black bear attacks as you move away!
The black bear bites you. The black bear claws you. x2
The black bear attacks as you move away!
The black bear bites you. The black bear claws you.
The black bear claws you but does no damage.
Casting: Swiftness (dangerous; 7% risk of failure)
Confirm with . or Enter, or press ? or * to list all spells.
You feel quick. The black bear closely misses you. The black bear claws you.
* * * LOW HITPOINT WARNING * * *
The black bear closely misses you.
Your magical contamination has completely faded away.
You start to feel a little slower.
Casting: Swiftness (dangerous; 7% risk of failure)
Confirm with . or Enter, or press ? or * to list all spells.
Aiming: Airstrike (quite dangerous; 22% risk of failure)
Press: ? - help, Dir - move target, f - black bear
Aim: a black bear (empty space bonus: 6/8)
Okay, then.
Casting: Airstrike (quite dangerous; 22% risk of failure)
Confirm with . or Enter, or press ? or * to list all spells.
Aiming: Airstrike (quite dangerous; 22% risk of failure)
Press: ? - help, Dir - move target, f - black bear
Aim: a black bear (empty space bonus: 8/8)
You miscast Airstrike.
You are very lightly contaminated with residual magic.
Electricity courses through your body!
* * * LOW HITPOINT WARNING * * *
x2 You feel sluggish.
Casting: Airstrike (quite dangerous; 22% risk of failure)
Confirm with . or Enter, or press ? or * to list all spells.
You don't have enough health to cast this spell.
Unknown command.
As you read the scroll labelled IROUGU REPEOT, it crumbles to dust.
You feel strangely unstable.
It was a scroll of teleportation.
It was a potion of mutation.
You feel extremely strange.
Your thoughts seem clearer.
You feel less encumbered by your armour.
The black bear bites you!
You die...

.##....#<...................#
.......'.>..................#
.......#....................#
.##....#####+###...##.##...##
#....###....##...#########
#.....†...........#
#.................#
................h...#
......>.........@...#
.##.....##....####### .
#.....##....###
#.......#......#
#.......#......# #......
#......# #... #......#
#......# #......#


You could see a black bear.

Vanquished Creatures
  Sigmund (D:2)
  Natasha (thrice) (D:3)
  6 adders
  A worm (D:3)
  2 dart slugs
  2 orcs (D:3)
  4 ball pythons
  6 bats
  3 endoplasms (D:1)
  2 giant cockroaches
  5 goblins
  10 hobgoblins
  4 jackals
  4 kobolds
  2 quokkas
  4 frilled lizards
  3 rats
62 creatures vanquished.

Notes
Turn   | Place    | Note
-------+----------+-------------------------------------------
     0 | D:1      | Irreverend the Djinni Air Elementalist began the quest for
                  | the Orb.
     0 | D:1      | Irreverend set off with the following spells memorised:
                  | Shock, Static Discharge, Swiftness, Airstrike.
     0 | D:1      | Reached XP level 1. HP: 15/15 MP: 0/0
    72 | D:1      | Reached XP level 2. HP: 21/22 MP: 0/0
   339 | D:1      | Reached XP level 3. HP: 23/26 MP: 0/0
   339 | D:1      | Learned a level 1 spell: Kiss of Death
   373 | D:1      | Found a faded altar of an unknown god.
   505 | D:2      | Reached skill level 1 in Fighting
   616 | D:2      | Noticed Sigmund
   816 | D:2      | Killed Sigmund
   817 | D:2      | Reached XP level 4. HP: 10/34 MP: 0/0
   817 | D:2      | Reached XP level 5. HP: 12/39 MP: 0/0
   817 | D:2      | Learned a level 2 spell: Passwall
   817 | D:2      | Reached XP level 6. HP: 13/44 MP: 0/0
  2533 | D:3      | Noticed Natasha
  2536 | D:3      | Killed Natasha
  2609 | D:3      | Noticed Natasha
  2614 | D:3      | Killed Natasha
  3023 | D:3      | Noticed Natasha
  3039 | D:3      | Killed Natasha
  3186 | D:4      | Noticed a black bear
  3214 | D:4      | HP: 2/46 [something (9)]
  3216 | D:4      | Gained mutation: You possess an exceptional clarity of
                  | mind. [potion of mutation]
  3216 | D:4      | Gained mutation: Your movements are slightly less
                  | encumbered by armour. (ER -2) [potion of mutation]
  3216 | D:4      | Slain by a black bear

Illustrated notes

Levels and vault maps discovered:
D:1:      minmay_arrival_glassed_features, layout_basic,
          shapermc_ecumenical_altar_notcrosses, minivault_14, solitary_fountain
D:2:      layout_loops_corners, minmay_diced_spiral, uniq_sigmund
D:3:      minmay_evil_eye, layout_loops_ring,
          hangedman_abyss_or_decor_lesser_grid, uniq_natasha
D:4:      layout_gridville, uniq_robin

Skill      XL: |  1  2  3  4  5  6 |
---------------+-------------------+-----
Fighting       | 2 3 |  3.0
Dodging        | 3 4 |  4.1
Spellcasting   | 3 4 |  4.2
Stealth        | |  1.6

Action                     |  1- 3 |  4- 6 || total
---------------------------+-------+-------++-------
   Cast: Shock             |    71 |    61 ||   132
         Static Discharge  |     3 |    15 ||    18
         Swiftness         |     1 |     1 ||     2
         Airstrike         |       |     3 ||     3
    Use: Scroll            |       |     1 ||     1
         Potion            |       |     1 ||     1
 Armour: Robe              |     3 |     2 ||     5
  Dodge: Dodged            |     7 |    12 ||    19
